 Dungeon Crawl Stone Soup version 0.23.1-41-g7e51ed32d8 (webtiles) character file.

Game seed: 2787074173057299682

2062 PentaManta the Blocker (level 9, -3/56 HPs)
             Began as an Octopode Fighter on Mar 30, 2019.
             Was an Initiate of Dithmenos.
             Slain by a hippogriff (6 damage)
             ... on level 8 of the Dungeon.
             The game lasted 00:12:14 (6297 turns).

PentaManta the Blocker (Octopode Fighter)           Turns: 6297, Time: 00:12:14

Health: -3/56      AC:  1    Str: 16    XL:     9   Next: 25%
Magic:  9/9        EV: 13    Int: 10    God:    Dithmenos [......]
Gold:   314        SH: 11    Dex: 14    Spells: 8/8 levels left

rFire    . . .     SeeInvis .   a - +0 long sword
rCold    . . .     Gourm    .   b - +0 shield
rNeg     . . .     Faith    .   (helmet restricted)
rPois    .         Spirit   .   (no amulet)
rElec    .         Reflect  .   (no ring)
rCorr    .         Harm     .   (no ring)
MR       .....                  (no ring)
Stlth    ++........             (no ring)
HPRegen  0.18/turn              (no ring)
MPRegen  0.11/turn              (no ring)
                                (no ring)
                                (no ring)

@: hasted, very quick
A: almost no armour, stealthy swim, amphibious, 8 rings, constrict 8, camouflage
1, gelatinous body 1
a: Renounce Religion


You were on level 8 of the Dungeon.
You worshipped Dithmenos.
Dithmenos was noncommittal.
You were not hungry.

You visited 2 branches of the dungeon, and saw 9 of its levels.
You also visited: Ossuary.

You collected 314 gold pieces.

Inventory:

Hand Weapons
 a - a +0 long sword (weapon)
 i - a +0 blowgun
 n - a +0 dagger
Missiles
 j - 8 poisoned needles
Armour
 b - a +0 shield (worn)
Wands
 e - a wand of enslavement (10)
 m - a wand of disintegration (25)
Scrolls
 g - 5 scrolls of remove curse
 p - a scroll of noise {unknown}
 r - 3 scrolls of teleportation
 t - a scroll of fog
 u - 2 scrolls of identify
Potions
 f - 2 potions of brilliance
 k - a potion of cancellation
 o - 4 potions of mutation
 s - a potion of resistance
Comestibles
 d - 6 rations


   Skills:
 - Level 3.0 Fighting
 + Level 7.1 Long Blades
 - Level 3.0 Dodging
 * Level 10.1 Shields


You had 8 spell levels left.
You didn't know any spells.
Your spell library was empty.

Dungeon Overview and Level Annotations

Branches:
Dungeon (8/15)             Temple (1/1) D:5
   Lair: D:8-11

Altars:
Ashenzari
Cheibriados
Dithmenos
Elyvilon
Gozag
Hepliaklqana
Kikubaaqudgha
Makhleb
Nemelex Xobeh
Okawaru
Qazlal
Ru
Sif Muna
Trog
Uskayaw
Vehumet
Xom
Yredelemnul
Zin
The Shining One


Innate Abilities, Weirdness & Mutations

You cannot wear most types of armour.
You are very stealthy in the water. (Stealth+)
You are amphibious.
You can wear up to eight rings at the same time.
You can use your tentacles to constrict eight enemies at once.
Your skin changes colour to match your surroundings (Stealth+).
Your rubbery body absorbs attacks. (AC +1, EV +1)


Message History

The hippogriff closely misses you. x2; The hippogriff claws you!
* * * LOW HITPOINT WARNING * * *
Okay, then.
Evoke which item? (* to show all) (? for menu, Esc to quit)
Aiming: Scattershot
Press: ? - help, Shift-Dir - straight line, f - hippogriff
Aim: a hippogriff (moderately wounded)
The burst of metal fragments hits the hippogriff. x2
The burst of metal fragments hits the hippogriff!
The hippogriff is severely wounded.
The now-empty wand crumbles to dust.
Evoke which item? (* to show all) (? for menu, Esc to quit)
Aiming: Disintegrate
Press: ? - help, Shift-Dir - straight line, f/p - hippogriff
Aim: a hippogriff (severely wounded, chance to defeat MR: 61%)
The hippogriff resists with significant effort.
You block the hippogriff's attack. The hippogriff pecks you.
* * * LOW HITPOINT WARNING * * *
The hippogriff claws you.
You die...

#H#
#.#
#.#
#.#
#.#
#.###
#<..#
###H#
#@#
#.#
...
##.##
#.#
#.#
...
.(#


You could see a hippogriff.

Vanquished Creatures
  Eustachio (D:5)
  A water moccasin (D:7)
  2 orc warriors
  2 ice beasts
  3 ogres
  2 centaurs
  2 bullfrogs (D:6)
  A wyvern zombie (D:6)
  2 crimson imps (D:6)
  A gnoll shaman (D:5)
  5 orc priests
  2 orc wizards (D:7)
  Crazy Yiuf (D:6)
  2 iguanas
  6 worker ants
  Ijyb (D:3)
  3 mummies (Ossuary)
  Robin (D:2)
  A worker ant zombie (D:5)
  3 gnolls (D:5)
  8 adders
  A shadow imp (D:6)
  2 oozes
  An adder skeleton (D:6)
  2 worms (D:2)
  3 leopard geckos
  10 orcs
  8 giant cockroaches
  10 hobgoblins
  11 jackals
  10 kobolds
  A quokka (D:5)
  2 ball pythons
  7 bats
  3 frilled lizards
  A giant cockroach zombie (D:5)
  13 goblins
  3 goblin zombies (Ossuary)
  4 hobgoblin zombies (Ossuary)
  3 kobold zombies (Ossuary)
  A leopard gecko skeleton (D:6)
  An orc zombie (Ossuary)
  3 quokka zombies (Ossuary)
  7 rats
  4 rat zombies (Ossuary)
161 creatures vanquished.

Notes
Turn   | Place    | Note
-------+----------+-------------------------------------------
     0 | D:1      | PentaManta the Octopode Fighter began the quest for the
                  | Orb.
     0 | D:1      | Reached XP level 1. HP: 16/16 MP: 1/1
    49 | D:1      | Reached XP level 2. HP: 17/21 MP: 2/2
   456 | D:1      | Reached XP level 3. HP: 21/26 MP: 3/3
   725 | D:2      | Noticed Robin
   733 | D:2      | Reached skill level 4 in Shields
   747 | D:2      | Killed Robin
   750 | D:2      | Reached XP level 4. HP: 18/31 MP: 4/4
  1035 | D:2      | Found a deep blue altar of Sif Muna.
  1538 | D:3      | Found an iron altar of Okawaru.
  1729 | D:4      | Noticed an ogre
  1744 | D:4      | Killed an ogre
  1744 | D:4      | Reached skill level 5 in Shields
  1744 | D:4      | Reached XP level 5. HP: 28/36 MP: 5/5
  1955 | D:3      | Noticed Ijyb
  1960 | D:3      | Killed Ijyb
  1960 | D:3      | Reached XP level 6. HP: 25/42 MP: 6/6
  2261 | D:3      | Found a glowing golden altar of the Shining One.
  2291 | D:3      | Reached skill level 6 in Shields
  2382 | D:3      | Found a faded altar of an unknown god.
  2409 | D:3      | Noticed an ice beast
  2601 | D:3      | Killed an ice beast
  2927 | D:5      | Entered Level 5 of the Dungeon
  2932 | D:5      | Reached XP level 7. HP: 46/46 MP: 7/7
  3023 | D:5      | Noticed Eustachio
  3030 | D:5      | Killed Eustachio
  3033 | D:5      | You fall through a shaft!
  3058 | D:6      | Reached skill level 7 in Shields
  3120 | D:6      | Reached skill level 5 in Long Blades
  3168 | D:6      | Reached XP level 8. HP: 25/52 MP: 8/8
  3393 | D:6      | Found a runed translucent door.
  3394 | D:6      | Noticed Crazy Yiuf
  3465 | D:5      | Found a sand-covered staircase.
  3473 | Ossuary  | Entered an ossuary
  3479 | Ossuary  | Reached skill level 8 in Shields
  3969 | D:5      | Found a staircase to the Ecumenical Temple.
  3974 | Temple   | Entered the Ecumenical Temple
  4065 | D:5      | Found an ancient bone altar of Kikubaaqudgha.
  4363 | D:5      | Found a shadowy altar of Dithmenos.
  4382 | D:5      | Became a worshipper of Dithmenos the Shadowed
  4996 | D:6      | Reached skill level 9 in Shields
  5396 | D:6      | Killed Crazy Yiuf
  5708 | D:7      | Reached XP level 9. HP: 9/56 MP: 9/9
  6103 | D:7      | Reached skill level 10 in Shields
  6297 | D:8      | Slain by a hippogriff

Skill      XL: |  1  2  3  4  5  6  7  8  9 |
---------------+----------------------------+-----
Shields        | 4 5 6 7 9 10 | 10.1
Long Blades    | 3 4 5 6 7 |  7.1
Fighting       | |  3.0
Dodging        | |  3.0

Action                   |  1- 3 |  4- 6 |  7- 9 || total
-------------------------+-------+-------+-------++-------
Melee: Long sword        |    47 |   102 |   208 ||   357
       Tentacles         |    11 |    15 |    58 ||    84
       Constrict         |    16 |    25 |    61 ||   102
Evoke: Wand              |       |     3 |     2 ||     5
  Use: Scroll            |       |       |    16 ||    16
       Potion            |       |       |    10 ||    10
 Stab: Sleeping          |     3 |    11 |     4 ||    18
       Distracted        |       |     1 |       ||     1
  Eat: Chunk             |       |     5 |     9 ||    14
       Ration            |       |       |     1 ||     1
Armor: Skin              |     1 |     6 |     4 ||    11
Dodge: Dodged            |    20 |    49 |    81 ||   150
Block: Shield            |    19 |    47 |   108 ||   174
       Rpst.: Long sword |     9 |     9 |    22 ||    40
